 Dungeon Crawl Stone Soup version 0.27-a0-492-ga4bb394fd4 (webtiles) character file.

Game seed: 6749098562311153346

787 Nattfarinn the Changer (level 7, 0/43 HPs)
             Began as an Octopode Transmuter on Mar 2, 2021.
             Killed by divine providence
             ... invoked by an orc priest
              (14 damage)
             ... on level 5 of the Dungeon.
             The game lasted 00:09:45 (7371 turns).

Nattfarinn the Changer (Octopode Transmuter)        Turns: 7371, Time: 00:09:46

Health: 0/43       AC:  2    Str:  9    XL:     7   Next: 87%
Magic:  9/12       EV: 20    Int: 17    God:
Gold:   347        SH:  0    Dex: 18    Spells: 9/13 levels left

rFire    . . .     SeeInvis .     - Unarmed
rCold    . . .     Faith    .   (shield currently unavailable)
rNeg     . . .     Spirit   .   (helmet currently unavailable)
rPois    x         Reflect  .   (no amulet)
rElec    .         Harm     .   (no ring)
rCorr    .         Rampage  .   (no ring)
Will     .....                  (no ring)
Stlth    ++........             (no ring)
HPRegen  0.14/turn              (no ring)
MPRegen  0.13/turn              (no ring)
                                (no ring)
                                (no ring)

@: spider-form
A: tiny, almost no armour, stealthy swim, (amphibious), 8 rings, (constrict 8)
a: End Transformation


You were on level 5 of the Dungeon.
You were a venomous arachnid creature.
You visited 1 branch of the dungeon, and saw 5 of its levels.

You collected 347 gold pieces.

Inventory:

Scrolls
 i - 3 scrolls of blinking
 k - a scroll of enchant armour
 l - a scroll of amnesia
 m - a scroll of teleportation
Potions
 a - a potion of magic {unknown}
 b - a potion of resistance {unknown}
 c - 2 potions of curing
 d - 2 potions of invisibility
 e - a potion of berserk rage {unknown}
 f - 3 potions of lignification {unknown}
 g - 3 potions of heal wounds
 h - a potion of attraction {unknown}
 n - a potion of flight {unknown}


   Skills:
 - Level 1.0 Fighting
 - Level 2.0 Dodging
 * Level 5.7 Unarmed Combat
 + Level 3.7 Spellcasting
 - Level 6.2 Transmutations


You had 9 spell levels left.
You knew the following spells:

 Your Spells              Type           Power        Failure   Level
a - Beastly Appendage     Tmut           48%          6%          1
b - Spider Form           Tmut/Pois      6%           32%         3

Your spell library contained the following spells:

 Spells                   Type           Power        Failure   Level
 Wereblood                Tmut           24%          8%          2
 Blade Hands              Tmut           12%          56%         5
 Ice Form                 Ice/Tmut       13%          63%         4


Dungeon Overview and Level Annotations

Branches:
Dungeon (5/15)
 Temple: D:4-7

Altars:
Gozag
Trog

Annotations:
D:2 1 runed translucent door, Crazy Yiuf


Innate Abilities, Weirdness & Mutations

You cannot wear most types of armour.
You are very stealthy in the water. (Stealth+)
((You are amphibious.))
You can wear up to eight rings at the same time.
((You can use your tentacles to constrict eight enemies at once.))
((Your skin changes colour to match your surroundings (Stealth+).))
((Your rubbery body absorbs attacks. (AC +1, EV +1)))


Message History

Beogh smites you!
Things that are here:
a +0 dagger; a +0 ring mail You are too injured to fight recklessly!
You are too injured to fight recklessly!
You are too injured to fight recklessly!
You hit the orc priest.
The orc priest is poisoned.
The orc priest is lightly wounded.
The orc priest misses you.
The orc priest hits you with a +0 dagger.
You hit the orc priest.
The orc priest looks as sick as possible!
The orc priest is moderately wounded.
Your transformation has ended.
The orc priest misses you.
The orc priest calls down the wrath of Beogh upon you.
You struggle to resist.
You tentacle-slap the orc priest. You grab the orc priest.
The orc priest is almost dead.
You constrict the orc priest, but do no damage.
The orc priest calls upon Beogh to heal the orc priest.
The orc priest is healed somewhat.
An orc comes into view. It is wielding a +0 trident.
The orc priest hits you but does no damage.
You tentacle-slap the orc priest. You squeeze the orc priest.
The orc priest is almost dead.
You constrict the orc priest.
You kill the orc priest!
The orc priest misses you.
Casting: Spider Form (dangerous; 14% risk of failure)
Confirm with . or Enter, or press ? or * to list all spells.
You turn into a venomous arachnid creature.
The orc priest completely misses you.
Unknown command.
You hit the orc priest.
The orc priest is poisoned.
The orc priest is lightly wounded.
The orc completely misses you.
The orc priest calls down the wrath of Beogh upon you.
Beogh smites you!
You die...

......)...............'..........
##.....#########...####.........#
##.......## ##.## ##.......##
#.........# #.# ##.....##
#.........# #.# ##...##
#.........# #.# ##'## ##.#...#.##
#.# #.# #.#...#.# ###.####
##o##### #.......# #.soo..#
#.#.oo.. ####.#####
#.#o##.#####...#### ...#.#
#.#.##..........# .#.#.#
#.#.##.#........# #..#.#
#.#.##.#.o......# .....#
#?#.............# ##.###
#.####.#####...## ##.# #.# #.#
##.## ...# #.. ... .#


You could see an orc priest (very poisoned) and 2 orcs.

Vanquished Creatures
  A sky beast (D:5)
  A centaur (D:5)
  4 orc priests
  A gnoll shaman (D:5)
  2 hounds (D:5)
  A centaur skeleton (D:5)
  2 iguanas
  Terence (D:3)
  3 worker ants (D:5)
  4 adders
  5 gnolls (D:5)
  A shadow imp (D:5)
  2 ufetubi (D:5)
  2 oozes
  2 adder skeletons
  4 worms
  5 dart slugs
  3 leopard geckos
  11 orcs
  3 ball pythons
  3 giant cockroaches
  8 goblins
  6 hobgoblins
  3 jackals (D:5)
  3 quokkas
  4 bats
  7 frilled lizards
  8 kobolds
  A leopard gecko skeleton (D:4)
  6 rats
107 creatures vanquished.

Notes
Turn   | Place    | Note
-------+----------+-------------------------------------------
     0 | D:1      | Nattfarinn the Octopode Transmuter began the quest for the
                  | Orb.
     0 | D:1      | Reached XP level 1. HP: 13/13 MP: 3/3
   239 | D:1      | Reached XP level 2. HP: 17/18 MP: 5/5
   654 | D:1      | Reached skill level 3 in Transmutations
  1295 | D:2      | Reached XP level 3. HP: 19/23 MP: 6/6
  1709 | D:2      | Learned a level 3 spell: Spider Form
  1796 | D:2      | Reached skill level 4 in Transmutations
  1852 | D:2      | Reached XP level 4. HP: 28/28 MP: 1/7
  2168 | D:2      | Found a runed translucent door.
  2169 | D:2      | Noticed Crazy Yiuf
  3100 | D:3      | Found an opulent altar of Gozag.
  3105 | D:3      | Noticed Terence
  3117 | D:3      | Killed Terence
  3124 | D:3      | Reached skill level 5 in Transmutations
  3124 | D:3      | Reached XP level 5. HP: 14/33 MP: 5/8
  3425 | D:3      | Found a faded altar of an unknown god.
  4003 | D:4      | Found a bloodstained altar of Trog.
  4770 | D:4      | Reached skill level 6 in Transmutations
  4894 | D:5      | Entered Level 5 of the Dungeon
  4984 | D:5      | Reached XP level 6. HP: 13/38 MP: 5/9
  6055 | D:5      | Reached XP level 7. HP: 25/43 MP: 11/11
  6487 | D:5      | Reached skill level 5 in Unarmed Combat
  7371 | D:5      | Killed from afar by an orc priest

Illustrated notes

Levels and vault maps discovered:
D:1:      nagdon_arrival_double_spiral, layout_basic
D:2:      layout_loops_cross, minmay_joined_circles, uniq_crazy_yiuf_cottage
D:3:      layout_loops_ring, nicolae_gozag_seed_capital,
          chequers_ecumenical_altar_simple, chequers_serial_rivers_micro_d,
          uniq_terence
D:4:      layout_basic, bloody_trog
D:5:      layout_loops_corners, serial_rivers, chequers_serial_rivers_micro_e,
          chequers_serial_rivers_small_b, chequers_serial_rivers_marsh,
          chequers_serial_rivers_small_b, chequers_serial_rivers_micro_b

Skill      XL: |  1  2  3  4  5  6  7 |
---------------+----------------------+-----
Transmutations | 3 4 5 6 |  6.2
Unarmed Combat | 4 5 |  5.7
Spellcasting   | 3 |  3.7
Fighting       | |  1.0
Dodging        | |  2.0

Action                   |  1- 3 |  4- 6 |  7- 9 || total
-------------------------+-------+-------+-------++-------
Melee: Unarmed           |    91 |   188 |    75 ||   354
       Constrict         |    18 |    24 |     4 ||    46
       Tentacles         |    13 |    13 |     7 ||    33
       Punch             |       |     1 |     1 ||     2
 Cast: Spider Form       |     2 |    12 |     7 ||    21
  Use: Potion            |       |     1 |     1 ||     2
       Scroll            |       |     5 |     1 ||     6
 Stab: Sleeping          |     8 |     9 |       ||    17
Armor: Skin              |    11 |     8 |     4 ||    23
Dodge: Dodged            |    53 |   133 |    42 ||   228

Table legend: (Time is in decaauts)
 A = Elapsed time spent in this place.
 B = Non-inter-level travel time spent in this place.
 C = Inter-level travel time spent in this place.
 D = Time resting spent in this place.
 E = Time spent auto-exploring this place.
 F = Levels seen in this place.
 G = Mean time per level.
                   A        B        C        D        E       F      G
               +--------+--------+--------+--------+--------+-----+--------+
         Total |   7348 |   7189 |    159 |   1970 |   4447 |   5 | 1469.6 |
       Dungeon |   7348 |   7189 |    159 |   1970 |   4447 |   5 | 1469.6 |
               +--------+--------+--------+--------+--------+-----+--------+

Top non-repeatable levels by time:
     D:5: 2466 daAuts
     D:3: 1457 daAuts
     D:2: 1433 daAuts
     D:1: 1101 daAuts
     D:4: 889 daAuts
